← All builds
Suicide front / Armada / Factory first / OBSERVED BUILD

Standard suicide front

Armada Suicide front build order · Supreme Isthmus

The role's baseline: Bot Lab at 0:21 then straight into reclaim-fed T1 bot production to contest the middle and hold until T2 arrives, with an Advanced Metal Extractor around 9:45.

#rush · 2204 distinct matches · 257 players · 72% of Armada Suicide front games · team won 59% of 2593 · Recently observed

HOW TO PLAY IT

Key timing: Bot Lab by 0:20

  1. Open with mex and lab-first to get Bot Lab up by 0:20.
  2. Expand mex and wind while lab pumps units toward middle.
  3. Push Sentry and early Rocketeer, Centurion to contest middle.
  4. Get T2 constructor out once Pond's boost lets you spare metal.
  5. Upgrade mex to Advanced Metal Extractor as you transition off T1 spam.

Phase by phase

TYPICAL OF ITS 2204 GAMES
  1. 1
  2. 2
  3. 3
PLAY THE OPENING

Follow the example game's first 6:00 step by step: what to build now, what comes next, and where it goes. At 1× it keeps pace with your own game.

  1. 1

    Bot Lab first

    Order
    1. Bot LabBot Lab done ~0:26, middle half 0:20–0:33

    Some games also: mex (47%)

  2. 2

    Bot Lab to 5:00

    Economy
    • Metal Extractor5Mex
    • Wind Turbine4Wind
    Builders
    • Construction Bot3 Con bot
    • Lazarus2 Lazarus
    Army
    • Sentry4 Sentry
    • Rocketeer16 Rocketeer
    • Tick2 Tick
    • Centurion1 Centurion
    Other
    • Radar Tower1 Radar Tower

    Some games also: pawn (39%) · con turret (34%)

    By 5:00 in all: 5 mex · 4 wind

    The example game in this phase · 41 steps
    1. LazarusLazarus
    2. Construction BotCon bot
    3. TickTick ×5
    4. Mex
    5. LazarusLazarus
    6. Construction BotCon bot
    7. Mex
    8. CenturionCenturion
    9. Radar TowerRadar Tower
    10. SentrySentry
    11. CenturionCenturion
    12. SentrySentry
    13. Construction BotCon bot
    14. SentrySentry
    15. CenturionCenturion
    16. Wind
    17. Construction BotCon bot
    18. RocketeerRocketeer
    19. Wind
    20. RocketeerRocketeer ×3
    21. Con turret
    22. Wind
    23. Con turret
    24. RocketeerRocketeer
    25. Wind
    26. Con turret
    27. LazarusLazarus
    28. RocketeerRocketeer
    29. Wind
    30. RocketeerRocketeer
    31. Wind
    32. RocketeerRocketeer
    33. Wind
    34. RocketeerRocketeer ×2
    35. Wind
    36. LazarusLazarus
    37. Energy storage
    38. RocketeerRocketeer ×3
    39. BeholderBeholder
    40. RocketeerRocketeer ×2
    41. LazarusLazarus
  3. 3

    5:00 to 10:00

    Economy
    • Metal Extractor1Mex
    • Wind Turbine15Wind
    Builders
    • Construction Turret2 Con turret
    • Lazarus2 Lazarus
    • Construction Bot1 Con bot
    Army
    • Sentry1 Sentry
    • Rocketeer8 Rocketeer

    Some games also: pawn (48%) · Radar Tower (46%) · centurion (44%) · tick (43%) · energy storage (42%) · eat Bot Lab (31%)

    By 10:00 in all: 6 mex · 21 wind · 1 energy storage · 2 con turret

    The example game in this phase · 119 steps
    1. RocketeerRocketeer ×5
    2. LazarusLazarus
    3. SentrySentry
    4. Energy storage
    5. Solar
    6. TickTick
    7. Radar TowerRadar Tower
    8. TickTick ×29
    9. Metal storage
    10. TickTick ×5
    11. Energy storage
    12. TickTick ×2
    13. Energy storage
    14. Advanced Bot LabAdvanced Bot Labdone 9:28
    15. TickTick ×7
    16. LazarusLazarus
    17. TickTick ×4
    18. Wind
    19. Advanced Construction BotT2 con bot
    20. TickTick ×4
    21. Wind
    22. TickTick ×2
    23. Wind
    24. TickTick ×2
    25. Wind
    26. TickTick ×3
    27. Wind
    28. Advanced Metal ExtractorT2 mexdone 10:50 · typical 9:48
    29. TickTick ×2
    30. Wind
    31. TickTick ×3
    32. Wind
    33. TickTick ×3
    34. Wind
    35. TickTick ×3
    36. Wind
    37. TickTick ×3
    38. Wind
    39. TickTick ×3
    40. Wind
    41. LazarusLazarus
    42. Wind ×2
    43. TickTick ×2
    44. Wind
    45. TickTick ×2
    46. Wind
    47. TickTick
    48. Advanced Metal ExtractorT2 mex
    49. TickTick ×2
    50. Wind
    51. TickTick ×2
    52. Wind
    53. TickTick
    54. Wind
    55. TickTick
    56. Wind
    57. TickTick ×3
    58. Wind
    59. TickTick ×2
    60. Wind
    61. CompassRadar bot
    62. TickTick
    63. Advanced Metal ExtractorT2 mex
    64. TickTick
    65. Wind
    66. SmugglerJammer bot
    67. TickTick
    68. Wind
    69. TickTick
    70. HoundHound
    71. Wind
    72. TickTick ×2
    73. Wind
    74. HoundHound
    75. TickTick
    76. Fusion ReactorFusiondone 14:18
    77. Con turret
    78. Wind
    79. TickTick
    80. HoundHound
    81. Wind
    82. TickTick
    83. Con turret
    84. TickTick
    85. Wind ×3
    86. TickTick
    87. Wind
    88. TickTick ×2
    89. Con turret
    90. TickTick ×3
    91. Con turret
    92. TickTick
    93. Advanced Metal ExtractorT2 mex
    94. TickTick
    95. Con turret
    96. TickTick ×2
    97. Con turret
    98. TickTick ×5
    99. PlatypusPlatypus
    100. TickTick ×2
    101. PlatypusPlatypus
    102. TickTick ×2
    103. PlatypusPlatypus
    104. TickTick
    105. Converter
    106. PlatypusPlatypus
    107. TickTick ×2
    108. Converter
    109. PlatypusPlatypus
    110. TickTick
    111. PlatypusPlatypus
    112. TickTick
    113. Advanced Metal ExtractorT2 mex
    114. PlatypusPlatypus
    115. TickTick
    116. Converter
    117. TickTick
    118. PlatypusPlatypus
    119. TickTick

Counts are medians over the build's games: half of them build more, half fewer. The example game is [EMPR]mcdumper4593's (35 OS, 20/08/2026); pick another.

Team trades

IN AT LEAST 30% OF ITS GAMES

You hand over

Nothing regular.

You get

  • Tidal Generator4 Tidal from Pondfirst at 0:11 · in 68% of games
  • Advanced Construction Bot1 T2 con bot from Geo or Techfirst at 7:45 · in 57% of games

How it plays out

Typical game of this build, running totals by minute

Metal produced

010k20k
0:005:0010:0015:00

metal

Enemy metal destroyed

05k10k
0:005:0010:0015:00

metal

Own metal lost

05k10k
0:005:0010:0015:00

metal

2593 games.

Show as table
ByMetal produced: This buildEnemy metal destroyed: This buildOwn metal lost: This build
1:0023000
2:0088700
3:002006192130
4:003107646503
5:0041891357991
6:00535522041681
7:00655330802556
8:00776139603454
9:00903547304343
10:001040053555134
11:001185258965909
12:001354564446642
13:001535369107406
14:001724275298188
15:001916981658963
WHAT THE NUMBERS SAY

Standard Suicide front play wins a bit over half its games while taking the heaviest own losses of any role by 15:00.

  • + Produces 20142 metal by 15:00, highest of the front roles.
  • + First kill by 2:01 in all games, fastest contest of middle.
  • − Own metal lost hits 9178 by 15:00, more than enemy metal destroyed.
  • − Only 34% Rocketeer share shows army spread thin across many bot types.
THE EXAMPLE YOU ARE READING

[EMPR]mcdumper4593

34.5 OS · 20/08/2026

Open source match ↗

6 received units · includes a constructor
120 metal received · 82062 energy received

Allied construction assistance is unknown. Timings are observations, not a promise of solo reproducibility.

Typical milestones

Bot Lab0:26Middle 50%: 0:20–0:33 · n=2584
Advanced Metal Extractor9:48Middle 50%: 8:52–11:00 · n=1858

Played most by

_X_264games of this buildPlatinumBlonde187games of this buildXad165games of this buildTrapCaT111games of this buildImmort80games of this build
Standard suicide front · Armada Suicide front build order · BAR Build Atlas